 Dungeon Crawl Stone Soup version 0.30-a0-743-gbfdf073431 (webtiles) character file.

Game seed: 849783686844118696

564 cheesebisquit the Digger (level 7, -6/36 HPs)
             Began as a Gargoyle Earth Elementalist on Feb 7, 2023.
             Was an Initiate of Vehumet.
             Mangled by Edmund
             ... wielding a +1 flail of protection
              (9 damage)
             ... on level 6 of the Dungeon.
             The game lasted 00:10:59 (4023 turns).

cheesebisquit the Digger (GrEE)                     Turns: 4023, Time: 00:11:00

Health: -6/36      AC: 10    Str: 11 (12) XL:     7   Next: 32%
Magic:  23/23      EV: 10    Int: 22 (23) God:    Vehumet [......]
Gold:   341        SH:  0    Dex:  8 (10) Spells: 12/16 levels left

rFire   . . .      SeeInvis .    m - +1 hand axe of the Changing Bear {drain, MP+9}
rCold   + . .      Faith    .    (no shield)
rNeg    + . .      Spirit   .    u - +0 ring mail {rC+}
rPois   ∞          Reflect  .    (no helmet)
rElec   +          Harm     .    (no cloak)
rCorr   .          Rampage  .    z - +0 pair of gloves
Will    .....                    (no boots)
Stlth   +                        (no amulet)
HPRegen 0.26/turn                e - +6 ring of intelligence
MPRegen 0.18/turn                (no ring)

@: weak-willed
A: sickness immunity, AC +4, negative energy resistance 1, electricity
resistance, torment resistance 1, petrification resistance
a: Renounce Religion


You were on level 6 of the Dungeon.
You worshipped Vehumet.
Vehumet was noncommittal.
You visited 2 branches of the dungeon, and saw 7 of its levels.

You collected 341 gold pieces.

Inventory:

Hand Weapons
 i - a +0 quarterstaff
 m - the +1 hand axe of the Changing Bear (weapon) {drain, MP+9}
   (You found it on level 2 of the Dungeon)

   MP:        It affects your magic capacity (+9).
Missiles
 y - 6 curare-tipped darts
 C - 3 poisoned darts
Armour
 a - a +0 robe
 r - a +0 leather armour
 u - a +0 ring mail of cold resistance (worn)
 z - a +0 pair of gloves (worn)
Magical Staves
 p - a staff of fire
Jewellery
 e - a +6 ring of intelligence (left hand)
Wands
 t - a wand of paralysis (13)
Scrolls
 c - 2 scrolls of identify
 g - 3 scrolls of teleportation
 k - 3 scrolls of immolation
Potions
 b - a potion of magic
 d - a potion of invisibility {unknown}
 f - a potion of degeneration
 j - 2 potions of haste {unknown}
 l - 2 potions of curing
 o - a potion of flight {unknown}
 s - 2 potions of ambrosia {unknown}
 v - a potion of berserk rage
 w - a potion of brilliance {unknown}
 x - a potion of heal wounds {unknown}
 B - a potion of might {unknown}


   Skills:
 - Level 1.5 Dodging
 - Level 2.1 Stealth
 + Level 5.2 Spellcasting
 - Level 0.7 Transmutations
 + Level 7.4 Earth Magic


You had 12 spell levels left.
You knew the following spells:

 Your Spells              Type           Power      Damage    Failure   Level
a - Sandblast             Erth           76%        2d16      1%          1
b - Stone Arrow           Conj/Erth      44%        3d9       16%         3

Your spell library contained the following spells:

 Spells                   Type           Power      Damage    Failure   Level
 Passwall                 Tmut/Erth      19%        N/A       7%          2
 Kiss of Death            Conj/Necr      20%        2d7       24%         1
 Petrify                  Tmut/Erth      23%        N/A       41%         4
 Confusing Touch          Hex            5%         N/A       58%         3
 Portal Projectile        Hex/Tloc       10%        N/A       58%         3
 Tukima's Dance           Hex            5%         N/A       58%         3
 Dispel Undead            Necr           5%         3d7       94%         4
 Blade Hands              Tmut           4%         N/A       99%         5
 Death Channel            Necr           2%         N/A       100%        6
 Cigotuvi's Dreadful Rot  Necr/Pois/Air  Unusable   N/A       N/A         2

Dungeon Overview and Level Annotations

Branches:
Dungeon (6/15)             Temple (1/1) D:5

Altars:
Ashenzari
Cheibriados
Elyvilon
Fedhas
Gozag
Hepliaklqana
Makhleb
Okawaru
Ru
Uskayaw
Vehumet
Wu Jian
Xom
Zin
The Shining One

Annotations:
D:6 Edmund


Innate Abilities, Weirdness & Mutations

You are immune to sickness and miasma.
Your stone body is resilient. (AC +4)
You are immune to poison.
You resist negative energy. (rN+)
You are resistant to electric shocks. (rElec)
You are resistant to unholy torment.
You are immune to petrification.


Message History

The arrow hits you.
Edmund hits you with a +1 flail of protection.
Okay, then.
The centaur shoots an arrow.
The arrow hits you!
Edmund hits you with a +1 flail of protection.
Edmund clears his throat.
You are too injured to fight recklessly!
Aiming: Sandblast (safe; 1% risk of failure)
Press: ? - help, Q - select action, (/) - cycle Shift-Dir - straight line, f - Edmund
Aim: Edmund, wielding a +1 flail of protection and wearing a +0 scale mail (87% to hit)
Okay, then.
As you read the scroll labelled LAECZE PEPRU, it crumbles to dust.
It is a scroll of identify.
k - 3 scrolls of immolation Edmund drinks a potion.
Edmund goes berserk!
As you read the scroll labelled APHAHUDUBI, it crumbles to dust.
Magic quickly surges around you.
It was a scroll of vulnerability.
Edmund hits you with a +1 flail of protection!
* * * LOW HITPOINT WARNING * * *
As you read the scroll labelled GERGHA IDAJA, it crumbles to dust.
You hear a loud clanging noise!
It was a scroll of noise.
You hear an angry hiss.
You hear a shout!
Edmund closely misses you.
Edmund hits you with a +1 flail of protection.
* * * LOW HITPOINT WARNING * * *
The air fills with toxic fumes!
As you read the scroll labelled ADDIBBIYQO, it crumbles to dust.
It was a scroll of poison.
Edmund barely misses you.
As you read the scroll labelled FEQEOMMEENI, it crumbles to dust.
You feel aware of your surroundings.
You sensed 2 altars, and 1 shop/portal.
It was a scroll of magic mapping.
Edmund closely misses you. x2
It was a potion of curing.
You feel better.
Edmund hits you with a +1 flail of protection!
* * * LOW HITPOINT WARNING * * *
It was a potion of degeneration.
There was something very wrong with that liquid.
You feel weakened.
You feel dopey.
You feel clumsy.
Edmund hits you with a +1 flail of protection!
You die...

#.# *,*,*,,***** #.#
*,#.#.,* #.#
*,...,,* #.#
**..#*,* #.# *..#*>*
******* #.# *.§#*,*
*,,,,,, #,*
##§§##§#**,*****
#§###§§§§§§##,,*
#§§@@c§§§§§..*,*****
#§###§§§§§§.#**,,,,,
#,* #.§§§§§## **,,,,
*,* #..§§§#.#**,****
*,* #######*.*,**
*,* **,** *,* *,*
*,* *,* *******,*
*,******


You could see Edmund (berserk, weak-willed) and a centaur (weak-willed).

Vanquished Creatures
  An ice beast (D:4)
  An ogre (D:3)
  A hound (D:4)
  An orc priest (D:5)
  3 iguanas
  Ijyb (D:3)
  2 orc wizards (D:5)
  8 adders
  A white imp (D:5)
  An ufetubus (D:5)
  A worm (D:4)
  A dart slug (D:2)
  10 orcs
  6 endoplasms
  2 giant cockroaches
  10 hobgoblins
  3 jackals (D:5)
  3 quokkas
  6 ball pythons
  6 bats
  A frilled lizard (D:1)
  4 goblins
  7 kobolds
  6 rats
86 creatures vanquished.

Notes
Turn   | Place    | Note
-------+----------+-------------------------------------------
     0 | D:1      | cheesebisquit the Gargoyle Earth Elementalist began the
                  | quest for the Orb.
     0 | D:1      | Reached XP level 1. HP: 10/10 MP: 3/3
    87 | D:1      | Reached skill level 4 in Earth Magic
    87 | D:1      | Reached XP level 2. HP: 15/15 MP: 3/5
   437 | D:1      | Found a faded altar of an unknown god.
   798 | D:2      | Reached XP level 3. HP: 19/19 MP: 1/7
  1323 | D:2      | Identified the +1 hand axe of the Changing Bear {drain,
                  | MP+9}
  1449 | D:2      | Found Cidess's Assorted Antiques.
  1643 | D:3      | Noticed an ogre
  1645 | D:3      | Killed an ogre
  1646 | D:3      | Reached skill level 5 in Earth Magic
  1646 | D:3      | Reached XP level 4. HP: 24/24 MP: 9/9
  1646 | D:3      | Reached XP level 5. HP: 28/28 MP: 10/10
  1955 | D:3      | Noticed Ijyb
  1962 | D:3      | Killed Ijyb
  1985 | D:3      | Found a burning altar of Makhleb.
  2093 | D:3      | Learned a level 3 spell: Stone Arrow
  2205 | D:3      | Found a sacrificial altar of Ru.
  2433 | D:4      | Reached skill level 6 in Earth Magic
  2441 | D:4      | Reached XP level 6. HP: 32/32 MP: 12/12
  2632 | D:4      | Found a shimmering altar of Xom.
  2683 | D:4      | Noticed an ice beast
  2689 | D:4      | Killed an ice beast
  3208 | D:5      | Entered Level 5 of the Dungeon
  3281 | D:5      | Found a staircase to the Ecumenical Temple.
  3290 | Temple   | Entered the Ecumenical Temple
  3351 | Temple   | Became a worshipper of Vehumet
  3573 | D:5      | Reached XP level 7. HP: 36/36 MP: 14/14
  3574 | D:5      | Reached skill level 7 in Earth Magic
  3670 | D:5      | Reached skill level 5 in Spellcasting
  3790 | D:5      | Found an iron altar of Okawaru.
  4014 | D:6      | Noticed Edmund
  4023 | D:6      | Mangled by Edmund

Illustrated notes

Levels and vault maps discovered:
D:1:      dpeg_arrival_long_road, layout_rooms,
          shapermc_ecumenical_altar_totnotflames
D:2:      layout_loops_cross, serial_shops, nicolae_shop_overgrown_old_shop,
          minivault_11, minmay_circled_x
D:3:      layout_basic, nicolae_overflow_hidden_temple, old_standard_altar,
          hangedman_decor_growths, dreamdust_princess_bridge,
          small_statue_intersection, uniq_ijyb
D:4:      layout_rooms, nicolae_overflow_crystal_walls
D:5:      layout_rooms, mainiacjoe_overflow_24_doors,
          minmay_temple_entry_gardened_gates
D:6:      layout_loops_ring, grunt_dithmenos_smoke,
          mainiacjoe_overflow_surrounded_room, cheibrodos_sewer_entry_bend,
          uniq_edmund
Temple:   minmay_temple_curvy_loop

Skill      XL: |  1  2  3  4  5  6  7 |
---------------+----------------------+-----
Earth Magic    | 4 5 6 7 |  7.4
Spellcasting   | 3 4 5 |  5.2
Dodging        | |  1.5
Stealth        | |  2.1
Transmutations | |  0.7

Action                     |  1- 3 |  4- 6 |  7- 9 || total
---------------------------+-------+-------+-------++-------
   Cast: Sandblast         |    42 |    60 |    22 ||   124
    Use: Scroll            |       |       |     6 ||     6
         Potion            |       |       |     2 ||     2
 Armour: Robe              |     3 |       |       ||     3
         Ring mail         |       |     7 |     3 ||    10
  Dodge: Dodged            |     3 |    10 |    20 ||    33

Table legend: (Time is in decaauts)
 A = Elapsed time spent in this place.
 B = Non-inter-level travel time spent in this place.
 C = Inter-level travel time spent in this place.
 D = Time resting spent in this place.
 E = Time spent auto-exploring this place.
 F = Levels seen in this place.
 G = Mean time per level.
                   A        B        C        D        E       F      G
               +--------+--------+--------+--------+--------+-----+--------+
         Total |   4082 |   3941 |    141 |    117 |   3297 |   7 |  583.1 |
       Dungeon |   3851 |   3732 |    119 |    117 |   3100 |   6 |  641.8 |
        Temple |    230 |    208 |     22 |      0 |    197 |   1 |  230.0 |
               +--------+--------+--------+--------+--------+-----+--------+

Top non-repeatable levels by time:
     D:2: 918 daAuts
     D:3: 881 daAuts
     D:4: 795 daAuts
     D:1: 658 daAuts
     D:5: 584 daAuts
  Temple: 230 daAuts
     D:6: 12 daAuts
